 Seeded DCSS version 0.30-a0-4-ga7cffc901d (webtiles) character file.

Game seed: 18446744073709551615 (custom seed)

35 GigaChad the Charlatan (level 3, -1/28 HPs)
             Began as a Gnoll Artificer on Aug 22, 2022.
             Was a Follower of Qazlal.
             Slain by an adder (4 damage)
             ... on level 2 of the Dungeon.
             The game lasted 00:06:29 (2393 turns).

GigaChad the Charlatan (Gnoll Artificer)            Turns: 2393, Time: 00:06:29

Health: -1/28      AC:  3    Str: 11    XL:     3   Next: 33%
Magic:  4/4        EV: 12    Int: 12    God:    Qazlal [*.....]
Gold:   76         SH:  2    Dex: 12    Spells: 3/3 levels left

rFire   . . .      SeeInvis .    i - +0 short sword
rCold   . . .      Faith    .    (no shield)
rNeg    . . .      Spirit   .    b - +0 leather armour
rPois   .          Reflect  .    (no helmet)
rElec   .          Harm     .    (no cloak)
rCorr   .          Rampage  .    (no gloves)
Will    .....                    (no boots)
Stlth   ++........               (no amulet)
HPRegen 0.09/turn                (no ring)
MPRegen 0.09/turn                (no ring)

@: no status effects
A: fangs 1, strong nose, distributed training
a: Renounce Religion


You were on level 2 of the Dungeon.
You worshipped Qazlal.
Qazlal was aware of your devotion.
You visited 1 branch of the dungeon, and saw 2 of its levels.

You collected 76 gold pieces.

Inventory:

Hand Weapons
 a - a +0 club
 i - a +0 short sword (weapon)
Armour
 b - a +0 leather armour (worn)
Wands
 c - a wand of flame (14) (quivered)
 d - a wand of charming (14)
 e - a wand of iceblast (5)
Scrolls
 f - 3 scrolls of identify
 g - a scroll of torment
 h - a scroll of magic mapping {unknown}
 l - 2 scrolls of noise {unknown}
Potions
 j - a potion of curing {unknown}
 k - 3 potions of degeneration {unknown}
 m - a potion of haste {unknown}


   Skills:
 + Level 2.6 Fighting
 + Level 0.8 Short Blades
 + Level 0.8 Long Blades
 + Level 0.8 Axes
 + Level 0.8 Maces & Flails
 + Level 0.8 Polearms
 + Level 0.8 Staves
 + Level 0.8 Ranged Weapons
 + Level 0.8 Throwing
 + Level 4.5 Armour
 + Level 2.6 Dodging
 + Level 2.4 Stealth
 + Level 0.8 Shields
 + Level 0.8 Unarmed Combat
 + Level 0.8 Spellcasting
 + Level 0.5 Conjurations
 + Level 0.5 Hexes
 + Level 0.5 Summonings
 + Level 0.5 Necromancy
 + Level 0.5 Translocations
 + Level 0.5 Transmutations
 + Level 0.5 Fire Magic
 + Level 0.5 Ice Magic
 + Level 0.5 Air Magic
 + Level 0.5 Earth Magic
 + Level 0.5 Poison Magic
 + Level 1.0 Invocations
 + Level 6.5 Evocations


You had 3 spell levels left.
You didn't know any spells.
Your spell library contained the following spells:

 Spells                   Type           Power      Damage    Failure   Level
 Summon Guardian Golem    Hex/Summ       1%         N/A       67%         3
 Orb of Destruction       Conj           0%         9d5       100%        7
 Spellforged Servitor     Conj/Summ      0%         N/A       100%        7


Dungeon Overview and Level Annotations

Branches:
Dungeon (2/15)

Altars:
Qazlal


Innate Abilities, Weirdness & Mutations

You have very sharp teeth.
Your uncanny sense of smell can sniff out nearby items.
Your experience applies equally to all skills.


Message History

You hit the adder.
The adder is lightly wounded.
The adder bites you.
You closely miss the adder. Your bite misses the adder.
The adder is lightly wounded.
The adder closely misses you. x2
You closely miss the adder.
The adder is lightly wounded.
The adder bites you.
You hit the adder but do no damage. You bite the adder.
The adder is moderately wounded.
The adder bites you.
You are poisoned.
The adder poisons you!
You barely miss the adder. Your bite misses the adder.
The adder is moderately wounded.
You feel sick. The adder barely misses you. The adder closely misses you.
You completely miss the adder.
The adder is lightly wounded.
You feel sick. The adder bites you but does no damage.
You miss the adder.
The adder is lightly wounded.
You feel sick.
You are no longer poisoned.
The adder barely misses you.
You closely miss the adder.
The adder is lightly wounded.
The adder bites you.
* * * LOW HITPOINT WARNING * * *
The adder completely misses you.
You hit the adder but do no damage.
The adder is lightly wounded.
The adder bites you.
* * * LOW HITPOINT WARNING * * *
You closely miss the adder.
The adder is lightly wounded.
The adder bites you.
* * * LOW HITPOINT WARNING * * *
The adder bites you.
You die...

.. ###. #... #...
.... #...### ...#
#..... ..... #
##.#....#####).....
.#
......ยง@S.)........
.#.###
##.####.#####.....#
......
...........>.......
.##
##.########)#######
#.# ###'### #.....#
#.....# #....^#


You could see an adder.

Vanquished Creatures
  2 ball pythons (D:1)
  5 endoplasms
  5 goblins
  2 hobgoblins (D:1)
  7 kobolds
  A quokka (D:2)
  5 bats
  A frilled lizard (D:1)
  4 rats
32 creatures vanquished.

Notes
Turn   | Place    | Note
-------+----------+-------------------------------------------
     0 | D:1      | GigaChad the Gnoll Artificer began the quest for the Orb.
     0 | D:1      | Reached XP level 1. HP: 17/17 MP: 1/1
   104 | D:1      | Reached XP level 2. HP: 6/23 MP: 2/2
  1767 | D:2      | Found a faded altar of an unknown god.
  1778 | D:2      | Reached XP level 3. HP: 18/28 MP: 3/3
  1801 | D:2      | Prayed at the altar of an unknown god.
  1801 | D:2      | Became a worshipper of Qazlal Stormbringer
  1801 | D:2      | Reached * piety under Qazlal
  2372 | D:2      | Reached skill level 1 in Invocations
  2393 | D:2      | Slain by an adder

Illustrated notes

Levels and vault maps discovered:
D:1:      dpeg_arrival_brainrot, layout_loops_ring
D:2:      layout_basic, hellmonk_ecumenical_altar_inner_sanctum,
          minmay_fountain_box, pf_guarded_unrand_delatra

Skill      XL: |  1  2  3 |
---------------+----------+-----
Invocations    | 1 |  1.0
Fighting       | |  2.6
Short Blades   | |  0.8
Long Blades    | |  0.8
Axes           | |  0.8
Maces & Flails | |  0.8
Polearms       | |  0.8
Staves         | |  0.8
Ranged Weapons | |  0.8
Throwing       | |  0.8
Armour         | |  4.5
Dodging        | |  2.6
Stealth        | |  2.4
Shields        | |  0.8
Unarmed Combat | |  0.8
Spellcasting   | |  0.8
Conjurations   | |  0.5
Hexes          | |  0.5
Summonings     | |  0.5
Necromancy     | |  0.5
Translocations | |  0.5
Transmutations | |  0.5
Fire Magic     | |  0.5
Ice Magic      | |  0.5
Air Magic      | |  0.5
Earth Magic    | |  0.5
Poison Magic   | |  0.5
Evocations     | |  6.5

Action                   || total
-------------------------++-------
Melee: Club              ||    19
       Bite              ||     6
       Short sword       ||   109
       Punch             ||     2
Evoke: Wand              ||     2
  Use: Scroll            ||     1
 Stab: Sleeping          ||     1
Armor: Leather armour    ||    66
Dodge: Dodged            ||   114
Block: Other             ||     2

Table legend: (Time is in decaauts)
 A = Elapsed time spent in this place.
 B = Non-inter-level travel time spent in this place.
 C = Inter-level travel time spent in this place.
 D = Time resting spent in this place.
 E = Time spent auto-exploring this place.
 F = Levels seen in this place.
 G = Mean time per level.
                   A        B        C        D        E       F      G
               +--------+--------+--------+--------+--------+-----+--------+
         Total |   2406 |   2177 |    229 |    786 |    512 |   2 | 1203.0 |
       Dungeon |   2406 |   2177 |    229 |    786 |    512 |   2 | 1203.0 |
               +--------+--------+--------+--------+--------+-----+--------+

Top non-repeatable levels by time:
     D:1: 1704 daAuts
     D:2: 702 daAuts
